 Dungeon Crawl Stone Soup version 0.30.1-11-g7821555f0a (webtiles) character file.

Game seed: 9318543914655918263

108 ChrisAssaf the Grave Robber (level 5, -2/36 HPs)
             Began as a Human Necromancer on Nov 27, 2023.
             Was a Follower of Makhleb.
             Slain by an ufetubus (3 damage)
             ... on level 5 of the Dungeon.
             The game lasted 00:06:50 (1028 turns).

ChrisAssaf the Grave Robber (Human Necromancer)     Turns: 1028, Time: 00:06:50

Health: -2/36      AC:  3    Str: 10    XL:     5   Next: 12%
Magic:  18/18      EV: 12    Int: 15    God:    Makhleb [*.....]
Gold:   104        SH:  0    Dex: 14    Spells: 0/9 levels left

rFire   . . .        c - +0 dagger
rCold   . . .        (no shield)
rNeg    . . .        a - +1 robe
rPois   .            (no helmet)
rElec   .            (no cloak)
rCorr   .            (no gloves)
SInv    .            (no boots)
Will    .....        (no amulet)
Stlth   ++           e - ring of magical power
HPRegen 0.26/turn    (no ring)
MPRegen 0.16/turn

%: no passive effects
@: no status effects
A: no striking features
a: Renounce Religion


You were on level 5 of the Dungeon.
You worshipped Makhleb.
Makhleb was aware of your devotion.
You visited 1 branch of the dungeon, and saw 5 of its levels.

You collected 104 gold pieces.

Inventory:

Hand Weapons
 c - a +0 dagger (weapon)
Armour
 a - a +1 robe (worn)
Jewellery
 e - a ring of magical power (left hand)
Potions
 b - 2 potions of magic


   Skills:
 * Level 0.7 Fighting
 * Level 0.7 Short Blades
 * Level 1.1 Armour
 * Level 2.2 Dodging
 * Level 2.4 Stealth
 * Level 2.8 Spellcasting
 * Level 4.8 Necromancy


You couldn't memorise any spells.
You knew the following spells:

 Your Spells              Type           Power      Damage    Failure   Level
a - Necrotise             Necr           64%        1d7       2%          1
b - Vampiric Draining     Necr           16%        2d7       9%          3
c - Agony                 Necr           16%        N/A       61%         5

Your spell library contained the following spells:

 Spells                   Type           Power      Damage    Failure   Level
 Animate Dead             Necr           16%        N/A       28%         4


Dungeon Overview and Level Annotations

Branches:
Dungeon (5/15)
 Temple: D:4-7

Altars:
Makhleb

Shops:
D:1 =


Message History

The ufetubus is heavily wounded.
The ufetubus hits you. The ufetubus closely misses you.
You miss the ufetubus.
The ufetubus is heavily wounded.
The ufetubus closely misses you. x2
You closely miss the ufetubus.
The ufetubus is heavily wounded.
The ufetubus hits you.
* * * LOW HITPOINT WARNING * * *
The ufetubus barely misses you. The ufetubus hits you.
* * * LOW HITPOINT WARNING * * *
The ufetubus barely misses you.
You feel better. The ufetubus barely misses you.
The ufetubus closely misses you.
You hit the ufetubus.
The ufetubus is severely wounded.
The ufetubus barely misses you. x2; The ufetubus hits you.
The ufetubus completely misses you.
You hit the ufetubus but do no damage.
The ufetubus is severely wounded.
The ufetubus hits you. The ufetubus barely misses you.
You miss the ufetubus.
The ufetubus is severely wounded.
The ufetubus hits you.
* * * LOW HITPOINT WARNING * * *
The ufetubus barely misses you. x2; The ufetubus hits you.
* * * LOW HITPOINT WARNING * * *
The ufetubus attacks as you move away!
The ufetubus hits you but does no damage.
The ufetubus closely misses you. x2; The ufetubus hits you.
* * * LOW HITPOINT WARNING * * *
The ufetubus attacks as you move away! The ufetubus hits you.
* * * LOW HITPOINT WARNING * * *
The ufetubus hits you but does no damage.
You aren't carrying any scrolls.
Unknown command.
The ufetubus closely misses you. The ufetubus misses you.
The ufetubus attacks as you move away! The ufetubus barely misses you.
The ufetubus hits you.
You die...

### ..# #.##
#..#
########.# .
##...@5..##
.. ####
#..#######
.. #...##..#
.. #..#..#
..# #.###..#
..)#######.#
#..#
...........#
#...
##...#######
#... ##.##
....


You could see an ufetubus.

Vanquished Creatures
  A scorpion (D:4)
  2 adders
  A dart slug (D:1)
  2 giant cockroaches
  2 goblins
  2 hobgoblins
  5 jackals
  3 quokkas (D:1)
  3 rats
21 creatures vanquished.

Vanquished Creatures (collateral kills)
  An adder (D:2)
1 creature vanquished.

Grand Total: 22 creatures vanquished

Notes
Turn   | Place    | Note
-------+----------+-------------------------------------------
     0 | D:1      | ChrisAssaf the Human Necromancer began the quest for the
                  | Orb.
     0 | D:1      | Reached XP level 1. HP: 13/13 MP: 3/3
   164 | D:1      | Found Jumatazu's Jewellery Emporium.
   334 | D:1      | Reached XP level 2. HP: 19/19 MP: 3/5
   539 | D:2      | Reached XP level 3. HP: 22/24 MP: 3/6
   545 | D:2      | Learned a level 3 spell: Vampiric Draining
   659 | D:3      | Found a faded altar of an unknown god.
   669 | D:3      | Prayed at the altar of an unknown god.
   669 | D:3      | Became a worshipper of Makhleb the Destroyer
   669 | D:3      | Reached * piety under Makhleb
   813 | D:3      | Reached XP level 4. HP: 26/31 MP: 7/7
   884 | D:4      | Noticed a scorpion
   890 | D:4      | Killed a scorpion
   891 | D:4      | Reached skill level 1 in Armour
   891 | D:4      | Reached XP level 5. HP: 34/36 MP: 6/9
   897 | D:4      | Learned a level 5 spell: Agony
   966 | D:5      | Entered Level 5 of the Dungeon
  1026 | D:5      | HP: 1/36 [ufetubus (3)]
  1028 | D:5      | Slain by an ufetubus

Illustrated notes

Levels and vault maps discovered:
D:1:      dpeg_arrival_castle, layout_loops_ring, serial_shops,
          nicolae_shop_getting_attention, nicolae_shop_crystal,
          nicolae_shop_back_alley_shop, serial_bayou_pond_e,
          minmay_misc_feat_alley
D:2:      layout_basic, uniq_jessica
D:3:      layout_basic, lemuel_coloured_pillars_altar,
          dreamdust_ecumenical_altar_statues
D:4:      layout_loops_ring, temple_pool_b, minmay_misc_feat_secret_circle
D:5:      layout_layer_cave, chequers_temple_overflow_statue_of_worship

Skill      XL: |  1  2  3  4 |
---------------+-------------+-----
Armour         | 1 |  1.1
Fighting       | |  0.7
Short Blades   | |  0.7
Dodging        | |  2.2
Stealth        | |  2.4
Spellcasting   | |  2.8
Necromancy     | |  4.8

Action                     |  1- 3 |  4- 6 || total
---------------------------+-------+-------++-------
  Melee: Dagger            |    25 |    23 ||    48
   Cast: Necrotise         |    36 |     1 ||    37
         Vampiric Draining |       |     2 ||     2
    Use: Scroll            |     2 |       ||     2
         Potion            |       |     3 ||     3
   Stab: Sleeping          |       |     1 ||     1
 Armour: Robe              |     7 |     8 ||    15
  Dodge: Dodged            |    39 |    53 ||    92
